TOP OF THE 1ST |
Auburn Doubledays batting - Pitching for Batavia Muckdogs : RHP James Bitner
|
Pitching: RHP James Bitner
|
|
Batting: RHB Jim Miske
|
0-0: Ball 1-0: Ball 2-0: Ball 3-0: Called Strike 3-1: Ground out 5-3 (Groundball, 5S, EV 71.9 MPH)
|
Batting: RHB Ryan Hiemer
|
0-0: Ball 1-0: Swinging Strike 1-1: Foul Ball, location: 2F 1-2: Strikes out looking
|
Batting: RHB Slavik Nebrodov
|
0-0: Swinging Strike 0-1: Ball 1-1: Foul Ball, location: 2F 1-2: Fly out, F9 (Flyball, 89S, EV 83.1 MPH)
|
Top of the 1st over - 0 runs, 0 hits, 0 errors, 0 left on base; Auburn 0 - Batavia 0 |
BOTTOM OF THE 1ST |
Batavia Muckdogs batting - Pitching for Auburn Doubledays : RHP Travis Hardin
|
Pitching: RHP Travis Hardin
|
|
Batting: RHB Calvin Morin
|
0-0: Called Strike 0-1: Called Strike 0-2: Single, Error in OF, E9, batter to second base (Line Drive, 34D, EV 98.1 MPH)
|
Batting: LHB David Doge
|
0-0: Ball Calvin Morin steals 3rd base (no throw) 1-0: Ball 2-0: Called Strike 2-1: Called Strike 2-2: Foul Ball, location: 2F 2-2: Ball 3-2: Strikes out swinging
|
Batting: RHB Jim Fisher
|
0-0: Ball 1-0: Fly out, F8 (Flyball, 8RM, EV 90.0 MPH)
|
Batting: RHB Len Graham
|
0-0: Called Strike 0-1: Ball 1-1: Swinging Strike 1-2: Foul Ball, location: 2F 1-2: Strikes out swinging
|
Bottom of the 1st over - 0 runs, 1 hit, 1 error, 1 left on base; Auburn 0 - Batavia 0 |
TOP OF THE 2ND |
Auburn Doubledays batting - Pitching for Batavia Muckdogs : RHP James Bitner
|
Batting: LHB Elias Posada
|
0-0: Swinging Strike 0-1: Ball 1-1: Ball 2-1: Ball 3-1: Base on Balls
|
Batting: RHB Joe Young
|
0-0: Ball 1-0: Ball 2-0: Ball 3-0: Base on Balls Elias Posada to second
|
Batting: RHB Travis Stanley
|
0-0: Ball 1-0: Called Strike 1-1: Foul Ball, location: 2F 1-2: Foul Ball, location: 2F 1-2: Ball 2-2: Ball 3-2: TRIPLE (Flyball, 89XD, EV 93.1 MPH) Elias Posada scores Joe Young scores
|
Batting: RHB Jeff Page
|
0-0: Ball 1-0: Ball 2-0: Swinging Strike 2-1: Fly out, F7 (Flyball, 7LS, EV 88.1 MPH)
|
Batting: RHB Jon Hill
|
0-0: Ball 1-0: Ball 2-0: Called Strike 2-1: Called Strike 2-2: Strikes out swinging
|
Batting: RHB David Rojas
|
0-0: Ball 1-0: Ball 2-0: Called Strike 2-1: DOUBLE (Line Drive, 78D, EV 98.8 MPH) Travis Stanley scores
|
Batting: RHB Jim Miske
|
0-0: Swinging Strike 0-1: Foul Ball, location: 2F 0-2: Ball 1-2: Strikes out swinging
|
Top of the 2nd over - 3 runs, 2 hits, 0 errors, 1 left on base; Auburn 3 - Batavia 0 |
BOTTOM OF THE 2ND |
Batavia Muckdogs batting - Pitching for Auburn Doubledays : RHP Travis Hardin
|
Batting: LHB Ryan Thompson
|
0-0: Called Strike 0-1: Foul Ball, location: 2F 0-2: Foul Ball, location: 2F 0-2: Strikes out swinging
|
Batting: RHB Hiromitsu Yamada
|
0-0: Ball 1-0: Ground out 6-3 (Groundball, 6, EV 77.5 MPH)
|
Batting: RHB Jayson Johnson
|
0-0: Called Strike 0-1: Ball 1-1: Hit by Pitch
|
Batting: RHB Jeremy Dennis
|
0-0: Called Strike 0-1: Ball 1-1: Foul Ball, location: 2F 1-2: Strikes out swinging
|
Bottom of the 2nd over - 0 runs, 0 hits, 0 errors, 1 left on base; Auburn 3 - Batavia 0 |
TOP OF THE 3RD |
Auburn Doubledays batting - Pitching for Batavia Muckdogs : RHP James Bitner
|
Batting: RHB Ryan Hiemer
|
0-0: Ball 1-0: Ball 2-0: Called Strike 2-1: Ball 3-1: Foul Ball, location: 2F 3-2: Foul Ball, location: 2F 3-2: Base on Balls
|
Batting: RHB Slavik Nebrodov
|
0-0: Called Strike 0-1: Ball 1-1: Ball 2-1: Called Strike 2-2: Grounds into double play, 5-4-3 (Groundball, 56S, EV 81.9 MPH)
|
Batting: LHB Elias Posada
|
0-0: Ball 1-0: Called Strike 1-1: Foul Ball, location: 2F 1-2: Strikes out swinging
|
Top of the 3rd over - 0 runs, 0 hits, 0 errors, 0 left on base; Auburn 3 - Batavia 0 |
BOTTOM OF THE 3RD |
Batavia Muckdogs batting - Pitching for Auburn Doubledays : RHP Travis Hardin
|
Batting: RHB Jose Trevino
|
0-0: Ball 1-0: Called Strike 1-1: Ball 2-1: Ground out 6-3 (Groundball, 6, EV 103.8 MPH)
|
Batting: RHB Calvin Morin
|
0-0: Ball 1-0: Ground out U3 (Groundball, 34, EV 101.9 MPH)
|
Batting: LHB David Doge
|
0-0: Ball 1-0: Called Strike 1-1: Ball 2-1: Ball 3-1: Foul Ball, location: 2F 3-2: SINGLE (Line Drive, 89S, EV 98.1 MPH)
|
Batting: RHB Jim Fisher
|
0-0: Ball David Doge steals 2nd base 1-0: Ground out 6-3 (Groundball, 6S, EV 80.6 MPH)
|
Bottom of the 3rd over - 0 runs, 1 hit, 0 errors, 1 left on base; Auburn 3 - Batavia 0 |
TOP OF THE 4TH |
Auburn Doubledays batting - Pitching for Batavia Muckdogs : RHP James Bitner
|
Pitching: RHP Scott Feltham
|
|
Batting: RHB Joe Young
|
0-0: Swinging Strike 0-1: Called Strike 0-2: Strikes out swinging
|
Batting: RHB Travis Stanley
|
0-0: Ball 1-0: Called Strike 1-1: SINGLE (Groundball, 6MD, EV 84.4 MPH) (infield hit)
|
Batting: RHB Jeff Page
|
0-0: Ball Travis Stanley steals 2nd base 1-0: Called Strike Travis Stanley steals 3rd base 1-1: Swinging Strike 1-2: Foul Ball, location: 2F 1-2: Foul Ball, location: 2F 1-2: Ball 2-2: Foul Ball, location: 2F 2-2: Strikes out swinging
|
Batting: RHB Jon Hill
|
0-0: Foul Ball, location: 2F 0-1: DOUBLE (Groundball, 5L, EV 107.5 MPH) Travis Stanley scores
|
Batting: RHB David Rojas
|
0-0: Ball 1-0: Foul Ball, location: 2F 1-1: Ball 2-1: Foul Ball, location: 2F 2-2: Foul Ball, location: 2F 2-2: Foul Ball, location: 2F 2-2: Strikes out looking
|
Top of the 4th over - 1 run, 2 hits, 0 errors, 1 left on base; Auburn 4 - Batavia 0 |
BOTTOM OF THE 4TH |
Batavia Muckdogs batting - Pitching for Auburn Doubledays : RHP Travis Hardin
|
Batting: RHB Len Graham
|
0-0: Called Strike 0-1: Called Strike 0-2: Strikes out swinging
|
Batting: LHB Ryan Thompson
|
0-0: Foul Ball, location: 2F 0-1: SINGLE (Groundball, 4MD, EV 108.8 MPH)
|
Batting: RHB Hiromitsu Yamada
|
0-0: Ball 1-0: Swinging Strike 1-1: Ball 2-1: Foul Ball, location: 2F 2-2: SINGLE (Groundball, 56S, EV 71.9 MPH) (infield hit) Ryan Thompson to second
|
Batting: RHB Jayson Johnson
|
0-0: Foul Ball, location: 2F 0-1: SINGLE (Groundball, 34D, EV 94.4 MPH) Ryan Thompson to third Hiromitsu Yamada to second
|
Batting: RHB Jeremy Dennis
|
0-0: Fly out, F9 (Flyball, 9LS, EV 89.4 MPH)
|
Batting: RHB Jose Trevino
|
0-0: Foul Ball, location: 2F 0-1: Ball 1-1: Foul Ball, location: 2F 1-2: Ground out 3-1 (Groundball, 34S, EV 81.9 MPH)
|
Bottom of the 4th over - 0 runs, 3 hits, 0 errors, 3 left on base; Auburn 4 - Batavia 0 |
TOP OF THE 5TH |
Auburn Doubledays batting - Pitching for Batavia Muckdogs : RHP Scott Feltham
|
Pitching: LHP Kunji Fukasawa
|
|
Batting: RHB Jim Miske
|
0-0: Ball 1-0: Fly out, F9 (Flyball, 9, EV 80.0 MPH)
|
Batting: RHB Ryan Hiemer
|
0-0: Called Strike 0-1: Foul Ball, location: 2F 0-2: Ball 1-2: DOUBLE (Line Drive, 9LM, EV 87.5 MPH)
|
Batting: RHB Slavik Nebrodov
|
0-0: Called Strike 0-1: Ball 1-1: Ball 2-1: SINGLE (Line Drive, 8LS, EV 105.6 MPH) Ryan Hiemer to third
|
Batting: LHB Elias Posada
|
0-0: Ball 1-0: Fly out, F8 (Flyball, 8RM, EV 84.4 MPH) Runner from 3rd tags up, SCORES, throw by CF
|
Batting: RHB Joe Young
|
0-0: Ball 1-0: Called Strike 1-1: Ball 2-1: Swinging Strike 2-2: Foul Ball, location: 2F 2-2: Foul Ball, location: 2F 2-2: Ball 3-2: Foul Ball, location: 2F 3-2: Strikes out swinging
|
Top of the 5th over - 1 run, 2 hits, 0 errors, 1 left on base; Auburn 5 - Batavia 0 |
BOTTOM OF THE 5TH |
Batavia Muckdogs batting - Pitching for Auburn Doubledays : RHP Travis Hardin
|
Batting: RHB Calvin Morin
|
0-0: Called Strike 0-1: Ball 1-1: Called Strike 1-2: Ball 2-2: Ball 3-2: Foul Ball, location: 2F 3-2: Foul Ball, location: 2F 3-2: Foul Ball, location: 2F 3-2: Base on Balls
|
Batting: LHB David Doge
|
0-0: Fly out, F8 (Line Drive, 8LD, EV 105.0 MPH)
|
Batting: RHB Jim Fisher
|
0-0: Ball Calvin Morin steals 2nd base 1-0: Fly out, F8 (Flyball, 89D, EV 93.8 MPH) Runner from 2nd tags up, SAFE at 3rd, no throw by CF
|
Batting: RHB Len Graham
|
0-0: Ball 1-0: Foul Ball, location: 2F 1-1: Ball 2-1: Ground out 4-3 (Groundball, 4, EV 93.1 MPH)
|
Bottom of the 5th over - 0 runs, 0 hits, 0 errors, 1 left on base; Auburn 5 - Batavia 0 |
TOP OF THE 6TH |
Auburn Doubledays batting - Pitching for Batavia Muckdogs : LHP Kunji Fukasawa
|
Pitching: RHP Giampaolo Nobile
|
|
Batting: RHB Travis Stanley
|
0-0: Ball 1-0: Ball 2-0: Called Strike 2-1: Foul Ball, location: 2F 2-2: Foul Ball, location: 2F 2-2: Ball 3-2: Base on Balls
|
Batting: RHB Jeff Page
|
0-0: Ball 1-0: Swinging Strike 1-1: DOUBLE (Line Drive, 89D, EV 110.0 MPH) Travis Stanley to third
|
Batting: RHB Jon Hill
|
0-0: Ball 1-0: Foul Ball, location: 2F 1-1: 3-RUN HOME RUN (Flyball, 78XD, EV 96.9 MPH), Distance : 385 ft
|
Batting: RHB David Rojas
|
0-0: Called Strike 0-1: Ground out 3-1 (Groundball, 13, EV 81.2 MPH)
|
Batting: RHB Jim Miske
|
0-0: Called Strike 0-1: Foul Ball, location: 2F 0-2: Foul Ball, location: 2F 0-2: Foul Ball, location: 2F 0-2: Ball 1-2: Ball 2-2: Foul Ball, location: 2F 2-2: Ball 3-2: Base on Balls
|
Pitching: RHP Ryan Babbitt
|
|
Batting: RHB Ryan Hiemer
|
0-0: Ball 1-0: Foul Ball, location: 2F 1-1: Ball 2-1: SINGLE (Groundball, 6MD, EV 100.0 MPH) Jim Miske to second
|
Batting: RHB Slavik Nebrodov
|
0-0: Called Strike 0-1: Called Strike 0-2: Foul Ball, location: 2F 0-2: Ball 1-2: Ball 2-2: Grounds into double play, 5-4-3 (Groundball, 56, EV 85.0 MPH)
|
Top of the 6th over - 3 runs, 3 hits, 0 errors, 1 left on base; Auburn 8 - Batavia 0 |
BOTTOM OF THE 6TH |
Batavia Muckdogs batting - Pitching for Auburn Doubledays : RHP Travis Hardin
|
Batting: LHB Ryan Thompson
|
0-0: Ball 1-0: Ball 2-0: Ball 3-0: Called Strike 3-1: SINGLE (Groundball, 56D, EV 95.0 MPH)
|
Batting: RHB Hiromitsu Yamada
|
0-0: SINGLE (Groundball, 6MD, EV 93.8 MPH) Ryan Thompson to second
|
Batting: RHB Jayson Johnson
|
0-0: Ball 1-0: Swinging Strike 1-1: Swinging Strike 1-2: Foul Ball, location: 2F 1-2: Strikes out swinging
|
Batting: RHB Jeremy Dennis
|
0-0: Ball 1-0: Fielders Choice at 2nd, 3-6 (Groundball, 34S, EV 80.6 MPH) Ryan Thompson to third
|
Batting: RHB Jose Trevino
|
0-0: Called Strike 0-1: Foul Ball, location: 2F 0-2: Foul Ball, location: 2F 0-2: Ground out 1-3 (Groundball, 15, EV 76.9 MPH)
|
Bottom of the 6th over - 0 runs, 2 hits, 0 errors, 2 left on base; Auburn 8 - Batavia 0 |
TOP OF THE 7TH |
Auburn Doubledays batting - Pitching for Batavia Muckdogs : RHP Ryan Babbitt
|
Batting: LHB Elias Posada
|
0-0: Called Strike 0-1: Ball 1-1: SINGLE (Groundball, 4MD, EV 96.9 MPH)
|
Batting: RHB Joe Young
|
0-0: Called Strike 0-1: Ball 1-1: Swinging Strike Pickoff Throw to First - Out! 1-3 1-2: Ball 2-2: Ball 3-2: Foul Ball, location: 2F 3-2: Base on Balls
|
Pitching: RHP Alex Garza
|
|
Batting: RHB Travis Stanley
|
0-0: Ball 1-0: Foul Ball, location: 2F 1-1: Swinging Strike 1-2: Ball 2-2: Strikes out looking
|
Batting: RHB Jeff Page
|
0-0: Called Strike 0-1: Ball 1-1: Foul Ball, location: 2F 1-2: 2-RUN HOME RUN (Line Drive, 7D, EV 103.8 MPH), Distance : 379 ft
|
Batting: RHB Jon Hill
|
0-0: Swinging Strike 0-1: Fly out, F8 (Flyball, 8RS, EV 86.9 MPH)
|
Top of the 7th over - 2 runs, 2 hits, 0 errors, 0 left on base; Auburn 10 - Batavia 0 |
BOTTOM OF THE 7TH |
Batavia Muckdogs batting - Pitching for Auburn Doubledays : RHP Travis Hardin
|
Batting: RHB Calvin Morin
|
0-0: Foul Ball, location: 2F 0-1: Ball 1-1: Foul Ball, location: 2F 1-2: SINGLE (Groundball, 56S, EV 62.5 MPH) (infield hit)
|
Batting: LHB David Doge
|
0-0: Ball 1-0: Called Strike Calvin Morin steals 2nd base 1-1: Foul Ball, location: 2F 1-2: Ball 2-2: Ball 3-2: Foul Ball, location: 2F 3-2: Base on Balls
|
Pitching: LHP Juan Bonet
|
|
Batting: RHB Jim Fisher
|
0-0: Called Strike 0-1: Grounds into double play, 6-4-3 (Groundball, 6, EV 93.8 MPH) Calvin Morin to third
|
Batting: RHB Len Graham
|
0-0: Called Strike 0-1: Ball 1-1: Swinging Strike 1-2: Foul Ball, location: 2F 1-2: Ball 2-2: Foul Ball, location: 2F 2-2: Ball 3-2: Foul Ball, location: 2F 3-2: Foul Ball, location: 2F 3-2: Base on Balls
|
Batting: LHB Ryan Thompson
|
0-0: SINGLE (Groundball, 15S, EV 68.1 MPH) (infield hit) Calvin Morin scores Len Graham to second
|
Batting: RHB Hiromitsu Yamada
|
0-0: Ball 1-0: SINGLE (Flyball, 8LS, EV 85.6 MPH) Len Graham to third Ryan Thompson to second Runner from 3rd tries for Home, SAFE, throw by CF to home
|
Batting: RHB Jayson Johnson
|
0-0: Swinging Strike 0-1: Ball 1-1: Ball 2-1: SINGLE (Line Drive, 34D, EV 94.4 MPH) Ryan Thompson to third Hiromitsu Yamada to second
|
Batting: RHB Jeremy Dennis
|
0-0: Ball 1-0: Ball 2-0: Called Strike 2-1: Foul Ball, location: 2F 2-2: Hit by Pitch Ryan Thompson scores Hiromitsu Yamada to third Jayson Johnson to second
|
Pinch Hitting: SHB Dan Zink
|
0-0: Fielders Choice at 2nd, 6-4 (Groundball, 6, EV 103.8 MPH)
|
Bottom of the 7th over - 3 runs, 4 hits, 0 errors, 3 left on base; Auburn 10 - Batavia 3 |
TOP OF THE 8TH |
Auburn Doubledays batting - Pitching for Batavia Muckdogs : RHP Alex Garza
|
Now at 3B: Shelby Peddle
|
|
Batting: RHB David Rojas
|
0-0: Called Strike 0-1: Foul Ball, location: 2F 0-2: Ball 1-2: Fly out, F7 (Line Drive, 7S, EV 92.5 MPH)
|
Batting: RHB Jim Miske
|
0-0: Called Strike 0-1: Called Strike 0-2: Foul Ball, location: 2F 0-2: Ball 1-2: Ball 2-2: Ground out 6-3 (Groundball, 6, EV 80.6 MPH)
|
DELAY
|
Rain delay of 30 minutes in the 8th inning.
|
Pitching: RHP Gabe Behrend
|
|
Pinch Hitting: RHB Bryan Ernst
|
0-0: Ball 1-0: Foul Ball, location: 2F 1-1: Ground out 5-3 (Groundball, 5S, EV 81.9 MPH)
|
Top of the 8th over - 0 runs, 0 hits, 0 errors, 0 left on base; Auburn 10 - Batavia 3 |
BOTTOM OF THE 8TH |
Batavia Muckdogs batting - Pitching for Auburn Doubledays : LHP Juan Bonet
|
Now in RF: Bryan Ernst
|
|
Batting: RHB Calvin Morin
|
0-0: Ground out 4-3 (Groundball, 4, EV 109.4 MPH)
|
Pinch Hitting: RHB J.J. Barajas
|
0-0: Swinging Strike 0-1: Ball 1-1: Ball 2-1: Ball 3-1: Base on Balls
|
Batting: RHB Jim Fisher
|
0-0: Called Strike 0-1: Ball 1-1: Fielders Choice at 2nd, 4-6 (Groundball, 4S, EV 85.0 MPH)
|
Batting: RHB Len Graham
|
0-0: Swinging Strike 0-1: Fly out, F7 (Line Drive, 78M, EV 89.4 MPH)
|
Bottom of the 8th over - 0 runs, 0 hits, 0 errors, 1 left on base; Auburn 10 - Batavia 3 |
TOP OF THE 9TH |
Auburn Doubledays batting - Pitching for Batavia Muckdogs : RHP Gabe Behrend
|
Now in RF: Emilio Montalvo
|
|
Batting: RHB Slavik Nebrodov
|
0-0: Ball 1-0: Ball 2-0: Called Strike 2-1: Called Strike 2-2: Ball 3-2: Reached on error, E3 (Groundball, 3L, EV 88.8 MPH)
|
Batting: LHB Elias Posada
|
0-0: Called Strike 0-1: Ball 1-1: Ball 2-1: Called Strike 2-2: Foul Ball, location: 2F 2-2: Foul Ball, location: 2F 2-2: SINGLE (Groundball, 6MS, EV 68.1 MPH) (infield hit) Slavik Nebrodov to second
|
Batting: RHB Joe Young
|
0-0: Called Strike 0-1: Ball 1-1: Ball 2-1: Foul Ball, location: 2F 2-2: Strikes out swinging
|
Batting: RHB Travis Stanley
|
0-0: DOUBLE (Flyball, 8LXD, EV 90.6 MPH) Slavik Nebrodov scores Elias Posada to third Runner from 3rd tries for Home, SAFE, throw by CF to home
|
Batting: RHB Jeff Page
|
0-0: Ball 1-0: Ball 2-0: Ball 3-0: Base on Balls
|
Pinch Hitting: LHB John Luke
|
0-0: Ball 1-0: SINGLE (Groundball, 13S, EV 66.9 MPH) (infield hit) Travis Stanley to third Jeff Page to second
|
Batting: RHB David Rojas
|
0-0: Called Strike 0-1: Called Strike 0-2: Ball 1-2: Strikes out swinging
|
Batting: RHB Jim Miske
|
0-0: Called Strike 0-1: SINGLE (Groundball, 5S, EV 68.8 MPH) (infield hit) Travis Stanley scores Jeff Page to third John Luke to second
|
Batting: RHB Bryan Ernst
|
0-0: Fielders Choice at 2nd, 6-4 (Groundball, 6, EV 86.9 MPH)
|
Top of the 9th over - 3 runs, 4 hits, 1 error, 3 left on base; Auburn 13 - Batavia 3 |
BOTTOM OF THE 9TH |
Batavia Muckdogs batting - Pitching for Auburn Doubledays : LHP Juan Bonet
|
Now at C: Alex Medina
|
|
Batting: LHB Ryan Thompson
|
0-0: Ball 1-0: Foul Ball, location: 2F 1-1: Called Strike 1-2: Ground out 6-3 (Groundball, 4M, EV 84.4 MPH)
|
Pitching: LHP Ruben de Leon
|
|
Batting: RHB Hiromitsu Yamada
|
0-0: Fly out, F6 (Line Drive, 6, EV 72.5 MPH)
|
Batting: RHB Jayson Johnson
|
0-0: Ball 1-0: Swinging Strike 1-1: Ball 2-1: Called Strike 2-2: Foul Ball, location: 2F 2-2: Ground out 5-3 (Groundball, 56S, EV 81.9 MPH)
|
Bottom of the 9th over - 0 runs, 0 hits, 0 errors, 0 left on base; Auburn 13 - Batavia 3 |
|